 Dungeon Sprint DCSS version 0.31-a0-595-g4209ae197b (webtiles) character file.

Game seed: 11691060079659857375

5251 Conn the Arsonist (level 10, -17/53 HPs)
             Began as an Octopode Fire Elementalist on Aug 19, 2023.
             Was an Elder of Sif Muna.
             Demolished by a skeletal warrior
             ... wielding a +0 war axe
              (20 damage)
             ... in the Dungeon (Sprint II: "The Violet Keep of Menkaure") on Aug 20, 2023.
             The game lasted 00:23:25 (2026 turns).

Conn the Arsonist (Octopode Fire Elementalist)      Turns: 2026, Time: 00:23:26

Health: -17/53     AC:  5    Str:  7    XL:     10   Next: 62%
Magic:  20/31      EV: 15    Int: 26    God:    Sif Muna [****..]
Gold:   346        SH:  0    Dex: 11    Spells: 6/37 levels left

rFire   + + +        j - +1 falchion of Truth {venom, rF+++ rN+ Will- rCorr}
rCold   x . .        (no shield)
rNeg    + . .        (helmet restricted)
rPois   .            (no amulet)
rElec   .            c - ring of fire
rCorr   +            f - +4 ring of protection
SInv    .            (no ring)
Will    .....        (no ring)
Stlth   ++++         (no ring)
HPRegen 0.28/turn    (no ring)
MPRegen 0.22/turn    (no ring)
                     (no ring)

%: no teleportation
@: channelling, hasted and slowed, unable to read
A: almost no armour, amphibious, 8 rings, camouflage 1, gelatinous body 1,
(nimble swimmer 1), tentacles, clever 1, frail 1, high MP 1, inability to read
after injury 1
a: Renounce Religion, Channel Magic, Forget Spell, Divine Exegesis


You were in the Dungeon.
You worshipped Sif Muna.
Sif Muna was greatly pleased with you.
You visited 1 branch You collected 1489 gold pieces.
You spent 1143 gold pieces at shops.

Inventory:

Hand Weapons
 j - the +1 falchion of Truth (weapon) {venom, rF+++ rN+ Will- rCorr}
   (You bought it in a shop in the Dungeon)

   rF+++:     It renders you almost immune to fire.
   rN+:       It protects you from negative energy.
   Will-:     It decreases your willpower.
   rCorr:     It protects you from acid and corrosion.
 s - the +12 flail "Jerof" {heavy, +Blink rN+}
   (You bought it in a shop in the Dungeon)

   rN+:       It protects you from negative energy.
   +Blink:    It lets you blink.
Jewellery
 c - a ring of fire (left tentacle)
 f - a +4 ring of protection (right tentacle)
Scrolls
 b - 2 scrolls of torment
 e - a scroll of immolation
 g - a scroll of enchant armour
 h - a scroll of enchant weapon
 k - a scroll of fog
Potions
 a - 4 potions of magic
 i - 3 potions of enlightenment
 m - 2 potions of curing
 p - 2 potions of resistance
 q - 2 potions of lignification


   Skills:
 + Level 1.6 Fighting
 + Level 6.1 Dodging
 - Level 6.6 Stealth
 - Level 2.3 Unarmed Combat
 * Level 14.4 Spellcasting
 * Level 8.4 Conjurations
 + Level 1.5 Hexes
 * Level 2.6 Summonings
 * Level 2.6 Translocations
 + Level 14.6 Fire Magic
 * Level 2.7 Air Magic
 + Level 0.2 Poison Magic
 * Level 3.1 Invocations


You had 6 spell levels left.
You knew the following spells:

 Your Spells              Type           Power      Damage    Failure   Level
a - Foxfire               Conj/Fire      100%       2x1d9     1%          1
b - Scorch                Fire           100%       2d9       0%          2
c - Inner Flame           Hex/Fire       75%        N/A       1%          3
d - Flame Wave            Conj/Fire      87%        2d19      1%          4
e - Fireball              Conj/Fire      43%        3d17      1%          5
f - Iskenderun's Battles  Conj           58%        2d11      2%          5
g - Summon Lightning Spi  Summ/Air       32%        N/A       10%         4
h - Mephitic Cloud        Conj/Pois/Air  38%        N/A       1%          3
i - Call Imp              Summ           64%        N/A       1%          2
j - Blink                 Tloc           64%        N/A       1%          2

Your spell library contained the following spells:

 Spells                   Type           Power      Damage    Failure   Level
 Magic Dart               Conj           100%       1d8       1%          1
 Lesser Beckoning         Tloc           64%        N/A       1%          2
 Momentum Strike          Conj/Tloc      94%        3d10      1%          2
 Static Discharge         Conj/Air       96%        2-6/arc   1%          2
 Volatile Blastmotes      Fire/Tloc      100%       2d18      1%          3
 Airstrike                Air            16%        2d(3-19)  10%         4
 Conjure Ball Lightning   Conj/Air       24%        3x3d7     41%         6
 Orb of Destruction       Conj           29%        9d9       58%         7


Dungeon Overview and Level Annotations

Branches:
Dungeon (1/1)

Altars:
Cheibriados
Dithmenos
Elyvilon
Fedhas
Gozag
Hepliaklqana
Kikubaaqudgha
Makhleb
Nemelex Xobeh
Okawaru
Qazlal
Ru
Sif Muna
Trog
Uskayaw
Vehumet
Wu Jian
Xom
Yredelemnul
Zin
The Shining One
Jiyva
Lugonu

Shops:
D :*[!(=:=*:![?[(

Annotations:
D exclusion: oklob plant, Sonja


Innate Abilities, Weirdness & Mutations

You cannot wear most types of armour.
You are amphibious.
You can wear up to eight rings at the same time.
Your skin changes colour to match your surroundings (Stealth+).
Your rubbery body absorbs attacks. (AC +1, EV +1)
((You are camouflaged when in or above water. (Stealth+)))
You have tentacles for arms and can constrict up to eight enemies at once.
Your mind is acute. (Int +4, Str/Dex -1)
You are frail. (-10% HP)
You have an increased reservoir of magic. (+10% MP)
You occasionally lose the ability to read scrolls when taking damage.


Message History

The stinking cloud engulfs the skeletal warrior but does no damage.
The skeletal warrior is moderately damaged.
The stinking cloud engulfs the yaktaur captain but does no damage.
The yaktaur captain is moderately wounded.
You hear a shout!
Unknown command.
Unknown command.
Unknown command.
Okay, then.
Unknown command.
Unknown command.
Casting: Mephitic Cloud (safe; 1% risk of failure)
Confirm with . or Enter, or press ? or * to list all spells.
A tiny devil pulls itself out of the air.
The skeletal warrior barely misses you.
The skeletal warrior hits your cerulean imp with a +0 war axe!!
Your cerulean imp dies!
Your cerulean imp disappears in a puff of smoke!
The yaktaur captain is engulfed in noxious fumes.
The skeletal warrior hits you with a +0 war axe!
* * * LOW HITPOINT WARNING * * *
Your magical contamination has completely faded away.
Okay, then.
Unknown command.
Okay, then.
Unknown command.
Unknown command.
Blink to where?
Press: ? - help, Dir - move target, p - skeletal warrior
As you read the scroll of blinking, it crumbles to dust.
Casting: Call Imp (safe; 1% risk of failure)
Confirm with . or Enter, or press ? or * to list all spells.
Okay, then.
The yaktaur captain shoots a bolt.
The bolt hits you!
* * * LOW HITPOINT WARNING * * *
You feel yourself speed up.
The skeletal warrior attacks as it pursues you!
The skeletal warrior hits you with a +0 war axe!!
You feel threatened and lose the ability to read scrolls!
You die...

∩.∩...#~~~~#.##..#,...#,,*...####
.∩....#~~####.#.####..##**#..##.#
∩.∩...#~##.###'###.##..#,,+..#..#
.∩.∩..#~#.#.##.##..##..#,,#..#..#
..∩.∩.'~'.##'.<.'##.'..####^.##.#
...∩.∩#~#..###.##..##....###...##
▓▓▓▓###~##.###'###.##......~~~~~~
F######~~####.#z####~~.....~#'###
h#),+,##~~~#.###@#~~~~~~~..~#....
h+$,*+*#'#~##.#.##~~~~~~§~.~#....
.*!**~*#.#~~##'##~~§§§§§~~~~#..._
.***~~~####~~~~~~~~~§§≈≈≈~§§#.._.
***~~~~~*,#+++#+++#~≈≈§§≈§§~#._._
,**~~~~~***,.....,##≈≈≈###≈≈#_._.
***~~~~~**....○°...##≈≈#,#≈≈#._._
,*+~~,~~+.....8.○.°.+§§#+#§§#_._.
***~~~~~##......°..##§≈≈≈≈§§#####


You could see a skeletal warrior (inner flame).

Vanquished Creatures
  A kraken (D)
  2 deep trolls (D)
  A yaktaur (D)
  3 polar bears (D)
  A hornet (D)
  2 wyverns (D)
  4 neqoxecs (D)
  Menkaure (D)
  4 water moccasins (D)
  5 scorpions (D)
  A lava snake (D)
  3 worms (D)
  6 tentacles (D)
34 creatures vanquished.

Vanquished Creatures (others)
  Kirke (D)
  118 foxfires (D)
  67 tentacles (D)
186 creatures vanquished.

Grand Total: 220 creatures vanquished

Notes
Turn   | Place    | Note
-------+----------+-------------------------------------------
     0 | D        | Conn the Octopode Fire Elementalist began the quest for the
                  | Orb.
     0 | D        | Reached XP level 1. HP: 11/11 MP: 3/3
     1 | D        | Noticed a neqoxec
     6 | D        | Killed a neqoxec
     7 | D        | Reached skill level 1 in Unarmed Combat
     7 | D        | Reached XP level 2. HP: 11/17 MP: 4/7
     7 | D        | Reached XP level 3. HP: 14/21 MP: 4/8
     7 | D        | Reached XP level 4. HP: 18/27 MP: 5/10
     7 | D        | Reached XP level 5. HP: 21/31 MP: 5/11
     9 | D        | Found Syvifai's Antique Weapon Shop.
     9 | D        | Noticed a neqoxec
    17 | D        | Noticed a neqoxec
    20 | D        | Learned a level 2 spell: Scorch
    22 | D        | HP: 1/31 [neqoxec (9)]
    24 | D        | Gained mutation: Your spells are a little harder to cast,
                  | but a little more powerful. [a neqoxec]
    27 | D        | Killed a neqoxec
    28 | D        | Reached skill level 5 in Stealth
    28 | D        | Reached skill level 5 in Spellcasting
    28 | D        | Reached XP level 6. HP: 18/37 MP: 6/14
    30 | D        | Killed a neqoxec
    31 | D        | Reached skill level 5 in Dodging
    31 | D        | Reached skill level 10 in Fire Magic
    36 | D        | Found Dibyutoq's Armour Boutique.
    36 | D        | Found Tileadgh's General Store.
    36 | D        | Found Dous's Antique Armour Boutique.
    37 | D        | Found Ukovikup's Distillery.
    37 | D        | Found Arusch's Jewellery Boutique.
    37 | D        | Found Uxixoum's Book Shop.
    37 | D        | Found Jaalleeh's Book Shop.
    37 | D        | Found Quguasy's Jewellery Boutique.
    39 | D        | Found Ophaul's Magic Scroll Shop.
    40 | D        | Found Fouskeit's Antique Weapon Boutique.
    40 | D        | Found Zeub's Distillery.
    41 | D        | Found Sezuf's Antique Armour Shop.
    41 | D        | Found Bixoep's Assorted Antiques.
    41 | D        | Noticed a cane toad
    48 | D        | Noticed Menkaure
    48 | D        | Noticed a cane toad
    48 | D        | Noticed an oklob plant
    49 | D        | Found Geiddam's Book Shoppe.
    49 | D        | Noticed a black bear
    50 | D        | Noticed a black bear
    50 | D        | Found the +12 pair of quick blades "Gyre" and "Gimble"
                  | {protect}
    50 | D        | Noticed a black bear
    55 | D        | Bought a diamond ring for 90 gold pieces
    61 | D        | Killed Menkaure
    62 | D        | Reached XP level 7. HP: 27/42 MP: 0/17
    67 | D        | Noticed a neqoxec
    76 | D        | Killed a neqoxec
    81 | D        | Learned a level 3 spell: Inner Flame
    86 | D        | Learned a level 4 spell: Flame Wave
   134 | D        | Noticed an ice statue
   138 | D        | Noticed a wyvern
   138 | D        | Noticed a wyvern
   144 | D        | Killed a wyvern
   145 | D        | Reached skill level 1 in Fighting
   145 | D        | Reached XP level 8. HP: 11/48 MP: 11/20
   146 | D        | Killed a wyvern
   245 | D        | Found an opulent altar of Gozag.
   246 | D        | Found a blossoming altar of Fedhas.
   247 | D        | Found a white marble altar of Elyvilon.
   247 | D        | Found a burning altar of Makhleb.
   248 | D        | Found a shadowy altar of Dithmenos.
   248 | D        | Found a corrupted altar of Lugonu.
   249 | D        | Found a snail-covered altar of Cheibriados.
   249 | D        | Found an ancient bone altar of Kikubaaqudgha.
   249 | D        | Found a bloodstained altar of Trog.
   250 | D        | Found a viscous altar of Jiyva.
   250 | D        | Found a shimmering blue altar of Sif Muna.
   251 | D        | Found a hazy altar of Hepliaklqana.
   251 | D        | Found a sacrificial altar of Ru.
   252 | D        | Found a shimmering altar of Xom.
   253 | D        | Found a stormy altar of Qazlal.
   253 | D        | Found an ornate altar of the Wu Jian Council.
   253 | D        | Found a sparkling altar of Nemelex Xobeh.
   253 | D        | Found a hide-covered altar of Uskayaw.
   253 | D        | Found a basalt altar of Yredelemnul.
   253 | D        | Found a glowing golden altar of the Shining One.
   254 | D        | Found a radiant altar of Vehumet.
   254 | D        | Found an iron altar of Okawaru.
   254 | D        | Found a glowing silver altar of Zin.
   259 | D        | Became a worshipper of Sif Muna the Loreminder
   272 | D        | Noticed a kraken
   304 | D        | Learned a level 5 spell: Fireball
   310 | D        | Learned a level 5 spell: Iskenderun's Battlesphere
   512 | D        | Noticed Sonja
   512 | D        | Noticed a glowing orange brain
   512 | D        | Noticed a hellephant
   512 | D        | Noticed a purple draconian shifter
   512 | D        | Noticed an eye of devastation
   728 | D        | Reached * piety under Sif Muna
   729 | D        | Reached skill level 10 in Spellcasting
   731 | D        | Noticed a polar bear
   742 | D        | Killed a polar bear
   746 | D        | Noticed a flying skull
   747 | D        | Noticed a flying skull
   747 | D        | Noticed a flying skull
   748 | D        | Noticed a flying skull
   748 | D        | Noticed a flying skull
   748 | D        | Noticed a flying skull
   834 | D        | Noticed a yaktaur
   843 | D        | Killed a yaktaur
   844 | D        | Reached skill level 5 in Conjurations
   844 | D        | Reached XP level 9. HP: 53/53 MP: 12/24
   907 | D        | Noticed a deep troll
   908 | D        | Noticed a deep troll
   919 | D        | Killed a deep troll
   919 | D        | Reached ** piety under Sif Muna
   920 | D        | Reached skill level 1 in Hexes
   928 | D        | Killed a deep troll
   959 | D        | Noticed a hornet
   969 | D        | Killed a hornet
  1070 | D        | Noticed a polar bear
  1070 | D        | Noticed a polar bear
  1075 | D        | Killed a polar bear
  1087 | D        | Killed a polar bear
  1087 | D        | Reached *** piety under Sif Muna
  1088 | D        | Reached XP level 10. HP: 59/59 MP: 16/27
  1508 | D        | Learned a level 4 spell: Summon Lightning Spire
  1582 | D        | Reached **** piety under Sif Muna
  1679 | D        | Bought a book of Spatial Translocations for 234 gold pieces
  1679 | D        | Bought a book of Minor Magic for 234 gold pieces
  1683 | D        | Learned a level 3 spell: Mephitic Cloud
  1686 | D        | Learned a level 2 spell: Call Imp
  1689 | D        | Learned a level 2 spell: Blink
  1702 | D        | Bought an iridescent falchion for 248 gold pieces
  1702 | D        | Identified the +1 falchion of Truth {venom, rF+++ rN+ Will-
                  | rCorr} (You bought it in a shop in the Dungeon)
  1705 | D        | Bought a potion of lignification for 36 gold pieces
  1705 | D        | Bought a potion of lignification for 36 gold pieces
  1705 | D        | Bought a potion of curing for 36 gold pieces
  1715 | D        | Bought a brightly glowing flail for 229 gold pieces
  1715 | D        | Identified the +12 flail "Jerof" {heavy, +Blink rN+} (You
                  | bought it in a shop in the Dungeon)
  1751 | D        | Lost mutation: Your spells are a little harder to cast, but
                  | a little more powerful. [potion of mutation]
  1751 | D        | Gained mutation: Your mind is acute. (Int +4, Str/Dex -1)
                  | [potion of mutation]
  1751 | D        | Gained mutation: You occasionally lose the ability to read
                  | scrolls when taking damage. [potion of mutation]
  1751 | D        | Gained mutation: You are frail. (-10% HP) [potion of
                  | mutation]
  1751 | D        | Gained mutation: You have an increased reservoir of magic.
                  | (+10% MP) [potion of mutation]
  1777 | D        | Killed a kraken
  1940 | D        | Noticed an obsidian statue
  1998 | D        | Noticed Kirke
  1998 | D        | Noticed a skeletal warrior
  1998 | D        | Noticed a yaktaur captain
  1999 | D        | Noticed a kobold demonologist
  2019 | D        | Killed Kirke
  2024 | D        | HP: 2/53 [yaktaur captain/bolt (14)]
  2026 | D        | Demolished by a skeletal warrior

Illustrated notes

Levels and vault maps discovered:
D:        the_violet_keep_of_menkaure [sprint2_stairs_cluster_1,
          sprint2_shoproom, sprint2_temple, sprint2_basic_supplies,
          sprint2_obstacle_2, sprint2_obstacle_3, sprint2_obstacle_5,
          sprint2_obstacle_4, sprint2_obstacle_7, sprint2_timed_cluster_1,
          sprint2_smallroom_cluster_1, sprint2_smallroom_final_cluster_1,
          sprint2_transparent_cluster_1, sprint2_second_timed_cluster_1,
          sprint2_sniper_area_1, sprint2_heavy_combat_area_1,
          sprint2_mutation_trap_area_1, sprint2_forest_area_1,
          sprint2_light_combat_area_1, sprint2_behind_water_1,
          sprint2_near_end_vault_1]

Skill      XL: |  1  2  3  4  5  6  7  8  9 10 |
---------------+-------------------------------+-----
Dodging        | 3 4 5 6 |  6.1
Stealth        | 4 5 6 |  6.6
Unarmed Combat | 1 2 |  2.3
Spellcasting   | 4 5 7 8 11 13 14 | 14.4
Fire Magic     | 7 9 11 13 14 | 14.6
Conjurations   | 3 5 7 8 |  8.4
Fighting       | 1 |  1.6
Hexes          | 1 |  1.5
Summonings     | 2 |  2.6
Translocations | 2 |  2.6
Air Magic      | 2 |  2.7
Invocations    | 3 |  3.1
Poison Magic   | |  0.2

Action                     |  1- 3 |  4- 6 |  7- 9 | 10-12 || total
---------------------------+-------+-------+-------+-------++-------
  Melee: Unarmed           |     3 |       |     1 |       ||     4
         Tentacles         |     2 |       |       |       ||     2
         Constrict         |     1 |       |     1 |       ||     2
   Cast: Scorch            |       |     9 |    24 |    12 ||    45
         Foxfire           |       |     4 |    39 |    41 ||    84
         Flame Wave        |       |       |     4 |     5 ||     9
         Fireball          |       |       |     2 |     1 ||     3
         Inner Flame       |       |       |     1 |     3 ||     4
         Mephitic Cloud    |       |       |       |     4 ||     4
         Iskenderun's Batt |       |       |       |     2 ||     2
         Call Imp          |       |       |       |     1 ||     1
         Summon Lightning  |       |       |       |     1 ||     1
 Invoke: Channel Magic     |       |       |       |     1 ||     1
    Use: Potion            |     2 |     2 |     4 |     4 ||    12
         Scroll            |       |       |     8 |     1 ||     9
 Armour: Skin              |       |     1 |     2 |     1 ||     4
  Dodge: Dodged            |       |     3 |    13 |     6 ||    22

Table legend: (Time is in decaauts)
 A = Elapsed time spent in this place.
 B = Non-inter-level travel time spent in this place.
 C = Inter-level travel time spent in this place.
 D = Time resting spent in this place.
 E = Time spent auto-exploring this place.
 F = Levels seen in this place.
 G = Mean time per level.
                   A        B        C        D        E       F      G
               +--------+--------+--------+--------+--------+-----+--------+
         Total |   2023 |   2023 |      0 |    948 |      0 |   1 | 2023.0 |
       Dungeon |   2023 |   2023 |      0 |    948 |      0 |   1 | 2023.0 |
               +--------+--------+--------+--------+--------+-----+--------+

Top non-repeatable levels by time:
       D: 2023 daAuts
